 Dungeon Crawl Stone Soup version 0.20.0-8-g6b59dc7 (webtiles) character file.

109 Deathclocker the Shooter (level 4, 0/37 HPs)
             Began as a Centaur Hunter on June 1, 2017.
             Slain by a centaur (5 damage)
             ... on level 3 of the Dungeon.
             The game lasted 00:03:12 (1588 turns).

Deathclocker the Shooter (Centaur Hunter)           Turns: 1588, Time: 00:03:13

Health: 0/37       AC:  5    Str: 16    XL:     4   Next: 60%
Magic:  4/4        EV:  9    Int: 10    God:
Gold:   82         SH:  0    Dex:  9    Spells: 3/3 levels left

rFire    . . .     SeeInvis .   a - +1 shortbow
rCold    . . .     Gourm    .   (shield currently unavailable)
rNeg     . . .     Faith    +   c - +0 leather armour
rPois    .         Spirit   .   h - +0 helmet
rElec    .         Reflect  .   (no cloak)
rCorr    .         Harm     .   (no gloves)
MR       .....                  (no barding)
Stlth    +.........             e - amulet of faith
Regen    0.2/turn               (no ring)
MPRegen  0.1/turn               (no ring)

@: very quick
A: hooves 3, deformed body, speed 2, tough skin 3
a: no special abilities


You were on level 3 of the Dungeon.
You were not hungry.

You visited 1 branch of the dungeon, and saw 3 of its levels.

You collected 82 gold pieces.

Inventory:

Hand Weapons
 a - a +1 shortbow (weapon)
 b - a +0 short sword
Missiles
 d - 41 arrows (quivered)
Armour
 c - a +0 leather armour (worn)
 h - a +0 helmet (worn)
Jewellery
 e - an amulet of faith (around neck)
Scrolls
 i - 3 scrolls of recharging {unknown}
 j - a scroll of fear {unknown}
 m - a scroll of noise {unknown}
 n - a scroll of identify {unknown}
Potions
 g - a potion of ambrosia {unknown}
 k - 2 potions of mutation {unknown}
 l - a potion of cancellation {unknown}
 q - a potion of heal wounds {unknown}
 r - a potion of might {unknown}
Comestibles
 f - 3 bread rations
 o - 2 meat rations
 p - a chunk of flesh


   Skills:
 + Level 2.6 Fighting
 + Level 7.2 Bows
 + Level 0.7 Armour
 + Level 1.5 Dodging
 + Level 0.4 Stealth


You had 3 spell levels left.
You didn't know any spells.

Dungeon Overview and Level Annotations

Branches:
Dungeon (3/15)

Altars:
Dithmenos
Ru
Yredelemnul


Innate Abilities, Weirdness & Mutations

You have hooves in place of feet.
Armour fits poorly on your strangely shaped body.
You cover ground very quickly.
You have extremely tough skin. (AC +3)


Message History

You are too injured to fight recklessly!
Firing (i - inventory):
d - 44 arrows (quivered)
Press: ? - help, Shift-Dir - straight line, f/p - centaur
Aim: a centaur, wielding a shortbow (severely wounded)
You shoot an arrow. The arrow hits the centaur.
The centaur is almost dead.
The centaur shoots an arrow.
The arrow hits you.
* * * LOW HITPOINT WARNING * * *
Firing (i - inventory):
d - 43 arrows (quivered)
Press: ? - help, Shift-Dir - straight line, f/p - centaur
Aim: a centaur, wielding a shortbow (almost dead)
You shoot an arrow. The arrow hits the centaur.
The centaur is almost dead.
Firing (i - inventory):
d - 42 arrows (quivered)
Press: ? - help, Shift-Dir - straight line, f/p - centaur
Aim: a centaur, wielding a shortbow (almost dead)
You shoot an arrow. The arrow barely misses the centaur.
The centaur unwields an uncursed shortbow.
The centaur hits you.
You die...

.# .. #. . #. ..####.
#.# .......######.##
........c(.....
######.@####...
.........#.#..#
..(....#.#.#..#
...........#..# #
.......##..#..########.#
.......##..#......(....#
...............###....##
####.......##..# #.##[#
#.#####.##..# #.# #


You could see a centaur.

Vanquished Creatures
  4 adders (D:2)
  3 worms (D:2)
  A dart slug (D:1)
  5 leopard geckos
  3 bats
  2 giant cockroaches
  3 goblins (D:1)
  6 hobgoblins (D:1)
  10 jackals
  A quokka (D:2)
  4 frilled lizards (D:2)
  5 kobolds
  9 rats
56 creatures vanquished.

Notes
Turn   | Place    | Note
-------+----------+-------------------------------------------
     0 | D:1      | Deathclocker the Centaur Hunter began the quest for the Orb.
     0 | D:1      | Reached XP level 1. HP: 17/17 MP: 1/1
   248 | D:1      | Reached XP level 2. HP: 24/24 MP: 2/2
   254 | D:1      | Reached skill level 6 in Bows
   570 | D:1      | Reached XP level 3. HP: 23/29 MP: 3/3
  1061 | D:2      | Reached XP level 4. HP: 26/36 MP: 4/4
  1122 | D:2      | Reached skill level 7 in Bows
  1160 | D:2      | Found a sacrificial altar of Ru.
  1510 | D:2      | Found a shadowy altar of Dithmenos.
  1525 | D:2      | Found a basalt altar of Yredelemnul.
  1581 | D:3      | Noticed a centaur
  1588 | D:3      | Slain by a centaur

Skill      XL: |  1  2  3  4 |
---------------+-------------+-----
Bows           | 6 7 |  7.2
Fighting       | |  2.6
Armour         | |  0.7
Dodging        | |  1.5
Stealth        | |  0.4

Action                   |  1- 3 |  4- 6 || total
-------------------------+-------+-------++-------
 Fire: Shortbow          |   134 |    50 ||   184
  Eat: Chunk             |       |     1 ||     1
Armor: Leather armour    |    15 |     4 ||    19
Dodge: Dodged            |    10 |     9 ||    19
